 Dungeon Crawl Stone Soup version 0.24.0-13-gcf9b3192b9 (console) character file.

Game seed: 1570622358130697107, levelgen mode: deterministic

5 AlterAsc the Insei (level 1, 0/13 HPs)
             Began as an Octopode Transmuter on Nov 9, 2019.
             Slain by a gnoll
             ... wielding a +0 club
              (5 damage)
             ... on level 1 of the Dungeon.
             The game lasted 00:00:23 (51 turns).

AlterAsc the Insei (Octopode Transmuter)              Turns: 51, Time: 00:00:23

Health: 0/13       AC:  1    Str:  9    XL:     1   Next: 80%
Magic:  2/3        EV: 13    Int: 15    God:
Gold:   0          SH:  0    Dex: 12    Spells: 3/4 levels left

rFire    . . .     SeeInvis .     - Unarmed
rCold    . . .     Gourm    .   (no shield)
rNeg     . . .     Faith    .   (helmet restricted)
rPois    .         Spirit   .   (no amulet)
rElec    .         Reflect  .   (no ring)
rCorr    .         Harm     .   (no ring)
MR       .....                  (no ring)
Stlth    ++........             (no ring)
HPRegen  0.04/turn              (no ring)
MPRegen  0.08/turn              (no ring)
                                (no ring)
                                (no ring)

@: appendage
A: almost no armour, stealthy swim, amphibious, 8 rings, constrict 8, tentacle
spike 3, camouflage 1, gelatinous body 1
a: End Transformation


You were on level 1 of the Dungeon.
You were not hungry.
One of your tentacles had a temporary spike.
You visited 1 branch of the dungeon, and saw 1 of its levels.

Inventory:

Missiles
 a - 12 arrows
Scrolls
 b - a scroll of enchant weapon {unknown}
Comestibles
 c - a ration
 d - 3 chunks of flesh


   Skills:
 - Level 1.1 Fighting
 - Level 2.0 Dodging
 - Level 3.0 Unarmed Combat
 + Level 2.1 Spellcasting
 * Level 2.1 Transmutations


You had 3 spell levels left.
You knew the following spells:

 Your Spells              Type           Power        Failure   Level  Hunger
a - Beastly Appendage     Tmut           #.....       9%          1    #......

Your spell library contained the following spells:

 Spells                   Type           Power        Failure   Level  Hunger
 Sticks to Snakes         Tmut           #.......     14%         2    ###....
 Spider Form              Tmut/Pois      #.........   38%         3    ###....
 Ice Form                 Ice/Tmut       #.......     80%         4    #####..
 Blade Hands              Tmut           #.........   94%         5    ######.


Dungeon Overview and Level Annotations

Branches:
Dungeon (1/15)

Altars:


Innate Abilities, Weirdness & Mutations

You cannot wear most types of armour.
You are very stealthy in the water. (Stealth+)
You are amphibious.
You can wear up to eight rings at the same time.
You can use your tentacles to constrict eight enemies at once.
Your skin changes colour to match your surroundings (Stealth+).
Your rubbery body absorbs attacks. (AC +1, EV +1)
One of your tentacles bears a large vicious spike.


Message History

You tentacle-slap the kobold. You grab the kobold.
The kobold is moderately wounded.
You constrict the kobold, but do no damage.
The bat completely misses you. The kobold barely misses you.
You tentacle-slap the kobold but do no damage.
Your tentacle-slap misses the kobold.
The kobold is moderately wounded.
You constrict the kobold, but do no damage.
The kobold hits you but does no damage. The bat barely misses you.
You tentacle-slap the kobold.
You kill the kobold!
The bat misses you.
You barely miss the gnoll. Your grab misses the gnoll.
The gnoll hits you with a +0 club.
You tentacle-slap the gnoll. Your grab misses the gnoll.
Your tentacle-slap misses the gnoll.
The gnoll is lightly wounded.
The bat barely misses you. The bat hits you but does no damage.
The gnoll hits you with a +0 club.
You die...

.# ## . . # # .# .#
..# ##. ##. .## .#
... ...#..#..#..#
..# ###.#.#K#.#..##
#.# #......#gb....#
#.# #.#.#.#[#@# #
#.# #.#.#..#).# .#
#.# #.#.##...##.#
####.###.#..##.##..#
#.................#
..######.##.##..###
#.# #รท##....## #.#
#....#### #.# ######


You could see a gnoll, a bat and a kobold.

Vanquished Creatures
  A leopard gecko (D:1)
  A ball python (D:1)
  2 kobolds (D:1)
4 creatures vanquished.

Notes
Turn   | Place    | Note
-------+----------+-------------------------------------------
     0 | D:1      | AlterAsc the Octopode Transmuter began the quest for the
                  | Orb.
     0 | D:1      | Reached XP level 1. HP: 13/13 MP: 3/3
    51 | D:1      | Slain by a gnoll

Levels and vault maps discovered:
D:1:      roderic_chinese_lattice_arrival, layout_basic, grunt_decor_cap,
          minmay_box_of_dots

Action                   || total
-------------------------++-------
Melee: Unarmed           ||    10
       Constrict         ||     1
       Tentacles         ||     1
 Cast: Beastly Appendage ||     3
 Stab: Sleeping          ||     2
Armor: Skin              ||     1
Dodge: Dodged            ||     7
